 Dungeon Crawl Stone Soup version 0.20.0-3-g22ec75f (webtiles) character file.

8782 Kosschaser the Covert (level 11, -3/56 HPs)
             Began as a Vine Stalker Enchanter on May 26, 2017.
             Was a Believer of Dithmenos.
             Slain by a water moccasin (8 damage)
             ... on level 1 of the Lair of Beasts.
             The game lasted 00:54:05 (9433 turns).

Kosschaser the Covert (Vine Stalker Enchanter)      Turns: 9433, Time: 00:54:05

Health: -3/56      AC: 10    Str: 15    XL:     11   Next: 36%
Magic:  0/29       EV: 16    Int: 23    God:    Dithmenos [**....]
Gold:   207        SH:  0    Dex: 18    Spells: 15/21 levels left

rFire    . . .     SeeInvis .   o - +2 dagger (venom)
rCold    x . .     Gourm    .   (no shield)
rNeg     + . .     Faith    +   N - +2 troll leather armour
rPois    +         Spirit   +   K - +1 hat
rElec    .         Reflect  .   F - +0 cloak
rCorr    .         Harm     .   (no gloves)
MR       +....                  y - +1 pair of boots {Fly}
Stlth    ++++++....             B - amulet "Vint" {Faith rPois rC- Str+4}
Regen    1.0/turn               h - ring of magical power
MPRegen  0.3/turn               L - ring "Moxu" {+Fly rPois rN+ Int+8 Slay-3}

@: flying, wreathed by umbra
A: fangs 3, hooves 1, horns 1, regeneration 1, magic shield, antimagic bite, no
potion heal 3, rot immunity
a: Shadow Step, Renounce Religion, Stop Flying


You were on level 1 of the Lair of Beasts.
You worshipped Dithmenos.
Dithmenos was pleased with you.
You were not hungry.

You visited 3 branches of the dungeon, and saw 11 of its levels.
You also visited: Sewer and Ossuary.

You collected 494 gold pieces.
You spent 287 gold pieces at shops.

Inventory:

Hand Weapons
 o - a +2 dagger of venom (weapon)
 O - a +0 dagger of holy wrath
Armour
 v - a scarf of cloud immunity
 y - a +1 pair of boots of flying (worn)
 F - a +0 cloak (worn)
 K - a +1 hat (worn)
 N - a +2 troll leather armour (worn)
Jewellery
 a - an uncursed ring of see invisible
 h - a ring of magical power (left hand)
 B - the amulet "Vint" (around neck) {Faith rPois rC- Str+4}
   (You bought it in a shop on level 5 of the Dungeon)

   [amulet of faith]

   It allows you to gain divine favour quickly.
   It affects your strength (+4).
   It makes you vulnerable to cold.
   It protects you from poison.
 L - the ring "Moxu" (right hand) {+Fly rPois rN+ Int+8 Slay-3}
   (You found it on level 8 of the Dungeon)

   [ring of flight]

   It affects your intelligence (+8).
   It affects your accuracy and damage with ranged weapons and melee attacks
   (-3).
   It protects you from poison.
   It protects you from negative energy.
   It lets you fly.
Wands
 g - a wand of digging (15/24)
 G - a wand of acid (7/15)
 H - a wand of digging (18/24)
Scrolls
 b - a scroll of fear {unknown}
 e - 3 scrolls of fog
 k - 10 scrolls of teleportation
 s - a scroll of vulnerability {unknown}
 w - 4 scrolls of magic mapping
 x - a scroll of blinking
 C - 2 scrolls of remove curse
 D - 2 scrolls of enchant weapon {unknown}
 M - 4 scrolls of noise {unknown}
 P - 2 scrolls of identify
 R - a scroll of amnesia {unknown}
Potions
 i - 3 potions of lignification {unknown}
 j - 2 potions of might {unknown}
 n - 2 potions of magic {unknown}
 p - 4 potions of agility {unknown}
 r - 5 potions of curing {unknown}
 t - 3 potions of brilliance {unknown}
 u - 3 potions of flight {unknown}
 z - a potion of cancellation {unknown}
 A - 3 potions of ambrosia {unknown}
 E - a potion of resistance {unknown}
 I - 2 potions of haste {unknown}
Books
 c - a book of Maledictions

   Spells                             Type                      Level
   a - Corona                         Hexes                        1
   b - Ensorcelled Hibernation        Hexes/Ice                    2
   c - Confuse                        Hexes                        3
   d - Tukima's Dance                 Hexes                        3
   e - Dazzling Spray                 Conjuration/Hexes            3
 J - Ufughu's Reference Book on Protection
   (You found it on level 8 of the Dungeon)

   Spells                             Type                      Level
   a - Swiftness                      Charms/Air                   2
   b - Shroud of Golubria             Charms/Translocation         2
   c - Regeneration                   Charms/Necromancy            3
   d - Iskenderun's Battlesphere      Conjuration/Charms           5
Miscellaneous
 m - a phial of floods
Comestibles
 d - 2 bread rations
 f - 3 royal jellies
 l - 5 meat rations
 q - 7 fruits
 Q - 5 chunks of flesh


   Skills:
 + Level 5.9 Fighting
 + Level 7.0 Short Blades
 + Level 6.0 Dodging
 + Level 11.3 Stealth
 + Level 5.9 Spellcasting
 + Level 5.9 Hexes
 + Level 5.0 Ice Magic


You had 15 spell levels left.
You knew the following spells:

 Your Spells              Type           Power        Failure   Level  Hunger
a - Corona                Hex            ####...      1%          1    None
b - Ensorcelled Hibernat  Hex/Ice        ####..       1%          2    None
c - Confuse               Hex            ####....     2%          3    #......


Dungeon Overview and Level Annotations

Branches:
Dungeon (9/15)             Temple (1/1) D:5            Lair (1/6) D:9
    Orc: D:9-12

Altars:
Ashenzari
Cheibriados
Dithmenos
Elyvilon
Fedhas
Gozag
Hepliaklqana
Makhleb
Nemelex Xobeh
Okawaru
Qazlal
Ru
Sif Muna
Trog
Uskayaw
Vehumet
Xom
Yredelemnul
Zin
The Shining One

Shops:
D:5 *


Innate Abilities, Weirdness & Mutations

You have razor-sharp teeth.
Your natural rate of healing is unusually fast.
When hurt, damage is shared between your health and your magic reserves.
Your bite disrupts and absorbs the magic of your enemies.
Potions cannot restore your health.
You are immune to rotting.
You have large cloven feet.
You have a pair of small horns on your head.


Message History

The water moccasin barely misses you.
The spiny frog stings you but does no damage.
Casting: Ensorcelled Hibernation
Confirm with . or Enter, or press ? or * to list all spells.
Aiming: Ensorcelled Hibernation
Press: ? - help, Shift-Dir - straight line, f/p - water moccasin
Aim: a water moccasin (lightly wounded, umbra, chance to defeat MR: 61%)
The water moccasin resists with significant effort.
The water moccasin completely misses you.
The spiny frog misses you.
Casting: Ensorcelled Hibernation
Confirm with . or Enter, or press ? or * to list all spells.
Aiming: Ensorcelled Hibernation
Press: ? - help, Shift-Dir - straight line, f/p - water moccasin
Aim: a water moccasin (lightly wounded, umbra, chance to defeat MR: 61%)
The water moccasin resists with significant effort.
The water moccasin bites you. The spiny frog stings you!
* * * LOW HITPOINT WARNING * * *
The water moccasin bites you!
You die...

..........##
#..............##
##...............##
P............$...##
#................#
#................#
#................#
#.......[.@F....#
#.........S....##
#...........#### ##
#.........### ######.#
#........########.#...###
..#..###.####.##..>......##
##..#.##..##...............#
#........#..................
#..####.....................


You could see a spiny frog and a water moccasin.

Vanquished Creatures
  3 two-headed ogres
  An unseen horror (D:8)
  An ugly thing (D:8)
  The ghost of Toogi the Skirmisher, a novice DsBe of Trog (D:5)
  2 trolls
  Prince Ribbit (D:8)
  2 hippogriffs (D:7)
  Sigmund (D:3)
  A vampire (D:9)
  A wraith (D:7)
  A porcupine (Lair:1)
  3 orc warriors
  3 sky beasts
  2 black bears (D:8)
  An ice beast (D:9)
  2 necrophages
  3 ogres
  2 centaurs
  3 phantoms
  4 crocodiles
  A big kobold (D:7)
  8 bullfrogs
  A water moccasin zombie (Ossuary)
  2 scorpions
  5 howler monkeys
  3 crimson imps
  3 bullfrog zombies
  4 hounds
  2 jellies
  A bullfrog skeleton (D:8)
  An orc priest (D:9)
  5 iguanas
  10 worker ants
  5 orc wizards
  4 big kobold zombies (Ossuary)
  2 mummies (Ossuary)
  A howler monkey skeleton (D:4)
  A gnoll (D:1)
  8 adders
  A shadow imp (D:9)
  2 oozes
  A worm zombie (D:7)
  8 adder zombies
  3 adder skeletons
  3 worms (D:2)
  4 dart slugs
  9 leopard geckos
  13 orcs
  4 bats
  5 giant cockroaches
  8 goblins
  8 hobgoblins
  18 jackals
  2 quokkas
  A ball python (D:1)
  9 frilled lizards
  3 gnoll zombies (Ossuary)
  11 hobgoblin zombies (Ossuary)
  A jackal skeleton (D:4)
  A jackal zombie (D:5)
  13 kobolds
  5 kobold zombies (Ossuary)
  A leopard gecko zombie (D:6)
  6 orc zombies
  A quokka skeleton (D:4)
  A quokka zombie (D:6)
  9 rats
256 creatures vanquished.

Notes
Turn   | Place    | Note
-------+----------+-------------------------------------------
     0 | D:1      | Kosschaser the Vine Stalker Enchanter began the quest for the Orb.
     0 | D:1      | Reached XP level 1. HP: 9/9 MP: 4/4
   319 | D:1      | Reached skill level 1 in Short Blades
   325 | D:1      | Reached XP level 2. HP: 13/13 MP: 6/6
   329 | D:1      | Learned a level 2 spell: Ensorcelled Hibernation
   448 | D:1      | Reached skill level 4 in Stealth
   600 | D:1      | Reached XP level 3. HP: 12/16 MP: 7/7
  1143 | D:2      | Gained mutation: Your natural rate of healing is unusually fast. [Vine Stalker growth]
  1143 | D:2      | Reached XP level 4. HP: 18/21 MP: 8/8
  1562 | D:2      | Found a blossoming altar of Fedhas.
  1646 | D:2      | Reached skill level 1 in Fighting
  1843 | D:3      | Noticed Sigmund
  1873 | D:3      | Reached skill level 1 in Ice Magic
  2145 | D:3      | Found a sparkling altar of Nemelex Xobeh.
  2291 | D:3      | Reached XP level 5. HP: 23/25 MP: 9/9
  2362 | D:3      | Killed Sigmund
  2362 | D:3      | Reached skill level 5 in Stealth
  2362 | D:3      | Reached XP level 6. HP: 30/30 MP: 11/11
  2998 | D:5      | Entered Level 5 of the Dungeon
  3051 | D:5      | Found a staircase to the Ecumenical Temple.
  3119 | D:5      | Found a white marble altar of Elyvilon.
  3119 | D:5      | Found a hazy altar of Hepliaklqana.
  3119 | D:5      | Noticed a phantom
  3209 | D:5      | Found a glowing silver altar of Zin.
  3232 | D:5      | Reached skill level 6 in Stealth
  3449 | D:5      | Noticed Toogi's ghost (novice DsBe)
  3526 | D:5      | Found Vuimmysar's Assorted Antiques.
  3570 | D:5      | Found a glowing drain.
  3574 | Sewer    | Entered a sewer
  3655 | Sewer    | Reached XP level 7. HP: 14/33 MP: 8/12
  3832 | D:5      | Bought a pair of glowing boots for 172 gold pieces
  3832 | D:5      | Bought a smoking golden amulet for 115 gold pieces
  3856 | D:5      | Identified the amulet "Vint" {Faith rPois rC- Str+4} (You bought it in a shop on level 5 of the Dungeon)
  4257 | D:6      | Reached skill level 7 in Stealth
  4257 | D:6      | Gained mutation: You have razor-sharp teeth. [Vine Stalker growth]
  4257 | D:6      | Reached XP level 8. HP: 36/39 MP: 13/13
  4437 | D:6      | Found a bloodstained altar of Trog.
  4439 | D:6      | Found an opulent altar of Gozag.
  5551 | D:7      | Found a sand-covered staircase.
  5570 | Ossuary  | Entered an ossuary
  6075 | D:7      | Noticed a hippogriff
  6076 | D:7      | Noticed Prince Ribbit
  6100 | D:8      | Killed Prince Ribbit
  6100 | D:8      | Reached XP level 9. HP: 31/44 MP: 15/15
  6602 | D:7      | Reached skill level 5 in Short Blades
  6602 | D:7      | Reached skill level 8 in Stealth
  6610 | D:7      | Found an iron altar of Okawaru.
  6816 | D:5      | HP: 2/45 [Toogi's ghost (13)]
  6817 | Temple   | Entered the Ecumenical Temple
  6925 | Temple   | Became a worshipper of Dithmenos the Shadowed
  6953 | Temple   | Learned a level 3 spell: Confuse
  6976 | D:5      | Killed Toogi's ghost
  7345 | D:8      | Noticed a two-headed ogre
  7357 | D:7      | HP: 1/45 [two-headed ogre/giant club (14)]
  7532 | D:7      | Killed a two-headed ogre
  7532 | D:7      | Reached skill level 9 in Stealth
  7532 | D:7      | Reached skill level 5 in Hexes
  7532 | D:7      | Reached XP level 10. HP: 43/50 MP: 9/18
  7557 | D:8      | Noticed a cyan ugly thing
  7642 | D:8      | Reached skill level 5 in Spellcasting
  7675 | D:8      | Reached skill level 5 in Dodging
  7707 | D:8      | Reached * piety under Dithmenos
  7959 | D:7      | Reached skill level 10 in Stealth
  8102 | D:8      | Noticed a two-headed ogre
  8121 | D:8      | Killed a two-headed ogre
  8121 | D:8      | Reached skill level 5 in Fighting
  8201 | D:8      | Reached ** piety under Dithmenos
  8256 | D:8      | Found a basalt altar of Yredelemnul.
  8294 | D:8      | Noticed an unseen horror
  8301 | D:8      | Killed a cyan ugly thing
  8316 | D:8      | Killed an unseen horror
  8316 | D:8      | Reached XP level 11. HP: 56/56 MP: 20/20
  8323 | D:8      | Gained mutation: You have a pair of small horns on your head. [mutagenic meat]
  8324 | D:8      | Gained mutation: You have large cloven feet. [mutagenic meat]
  8342 | D:8      | Identified the Reference Book on Venomous Sinister Rituals
  8356 | D:8      | Noticed a two-headed ogre
  8371 | D:8      | Killed a two-headed ogre
  8371 | D:8      | Reached skill level 11 in Stealth
  8389 | D:8      | Identified Ufughu's Reference Book on Protection
  8399 | D:8      | Got a bound silver ring
  8634 | D:9      | Noticed a death drake
  8719 | D:9      | Noticed a cyclops
  8757 | D:9      | Noticed a mana viper
  8875 | D:9      | Identified the ring "Moxu" {+Fly rPois rN+ Int+8 Slay-3} (You found it on level 8 of the Dungeon)
  8903 | D:9      | Noticed a shining eye
  8965 | D:9      | Found a staircase to the Lair.
  9001 | D:9      | Found a deep blue altar of Sif Muna.
  9061 | D:9      | Found a radiant altar of Vehumet.
  9202 | Lair:1   | Entered Level 1 of the Lair of Beasts
  9371 | Lair:1   | Reached skill level 5 in Ice Magic
  9433 | Lair:1   | Slain by a water moccasin

Skill      XL: |  1  2  3  4  5  6  7  8  9 10 11 |
---------------+----------------------------------+-----
Short Blades   | 1 2 3 4 5 6 7 |  7.0
Stealth        | 4 5 6 7 9 10 11 | 11.3
Fighting       | 1 2 3 4 5 |  5.9
Ice Magic      | 1 2 3 4 5 |  5.0
Dodging        | 2 4 5 6 |  6.0
Spellcasting   | 3 4 5 |  5.9
Hexes          | 4 5 |  5.9

Action                   |  1- 3 |  4- 6 |  7- 9 | 10-12 || total
-------------------------+-------+-------+-------+-------++-------
Melee: Dagger            |   115 |   153 |   410 |   388 ||  1066
       Bite              |    14 |    35 |   133 |   129 ||   311
       Headbutt          |       |       |       |    33 ||    33
 Cast: Ensorcelled Hiber |    11 |    16 |    26 |    18 ||    71
       Confuse           |       |       |     3 |     3 ||     6
Invok: Shadow Step       |       |       |       |     1 ||     1
  Use: Scroll            |       |     1 |    10 |     4 ||    15
 Stab: Sleeping          |    11 |    20 |    19 |    18 ||    68
       Distracted        |       |     1 |       |     2 ||     3
       Confused          |       |       |     2 |     1 ||     3
  Eat: Chunk             |     1 |     8 |    10 |     6 ||    25
       Fruit             |       |     1 |     4 |       ||     5
       Bread ration      |       |       |     1 |       ||     1
Armor: Robe              |    12 |    12 |    50 |    16 ||    90
       Troll leather arm |       |       |       |    19 ||    19
Dodge: Dodged            |    74 |   104 |   292 |   237 ||   707
